Map: Sous les étoiles

Players

StellaArtis

  • Race: Terran Terran
  • League: Silver
  • Spawn Location: 11:00

Argon - Winner!

  • Race: Zerg Zerg
  • Spawn Location: 1:00

VOD

Have the link to the VOD?

Description

Time

  • Played on: Sept. 24, 2022, 4:30 a.m.
  • Length: 35:58
Show
View Real Time Build Order
Export as new Build Order

StellaArtis Terran 

Build Orders:  

Get SALT Encoding   

  12  0:09  Supply Depot  
  13  0:14  SCV  
  13  0:33  Barracks  
  13  0:39  Supply Depot  
  13  0:41  SCV  
  14  0:53  SCV  
  14  0:55  Refinery  
  15  1:03  Refinery  
  15  1:18  SCV  
  16  1:32  Marine  
  17  1:41  Engineering Bay  
  17  1:45  Factory  
  17  1:51  Barracks Tech Lab  
  17  1:56  SCV  
  18  2:08  SCV  
  19  2:12  Stimpack  
  19  2:20  SCV  
  20  2:32  Starport  
  20  2:39  Marine  
  21  2:45  Terran Infantry Weapons Level 1  
  21  3:00  Barracks  
  21  3:02  Marine  
  22  3:12  Medivac  
  24  3:21  Marine  
  25  3:37  Supply Depot  
  25  3:39  Marine  
  26  3:42  Medivac  
  26  3:46  Marine  
  29  3:57  Marine  
  29  3:59  Widow Mine  
  32  4:07  Supply Depot, SCV  
  33  4:10  Marine  
  34  4:19  Marine  
  35  4:28  Marine  
  34  4:43  Marine  
  35  4:46  Marine  
  35  4:52  Widow Mine  
  38  5:01  Marine  
  38  5:04  Marine, Medivac  
  42  5:12  Supply Depot  
  42  5:13  Terran Infantry Armor Level 1  
  42  5:19  Marine  
  43  5:34  Medivac  
  45  5:57  Marine x2  
  45  5:58  Command Center  
  41  6:15  Marine x2  
  39  6:19  Widow Mine  
  41  6:33  Marine x2  
  41  6:35  Medivac  
  45  6:40  Widow Mine  
  47  6:51  Marine x2  
  49  6:58  Supply Depot  
  49  7:02  Widow Mine  
  51  7:26  Marine x2  
  51  7:28  Medivac  
  55  7:44  Marine  
  56  7:58  Medivac  
  52  9:10  Marine x2  
  50  9:27  Marine  
  50  9:28  Marine  
  51  9:45  Supply Depot, Marine x2  
  53  9:57  Starport Tech Lab  
  53  10:02  Starport  
  53  10:03  Marine x2  
  55  10:08  Supply Depot  
  55  10:21  Marine x2  
  55  10:22  Supply Depot, SCV  
  58  10:31  Supply Depot  
  58  10:34  SCV  
  59  10:39  Marine x2  
  60  10:44  Supply Depot  
  60  10:46  SCV  
  59  10:58  SCV  
  60  11:10  SCV  
  60  11:31  Marine x2  
  62  11:33  SCV  
  63  11:41  Banshee  
  63  11:45  SCV  
  67  11:48  Starport Tech Lab  
  67  11:49  Marine x2  
  69  11:57  SCV  
  70  12:07  Marine x2  
  72  12:09  SCV  
  73  12:21  SCV  
  74  12:24  Banshee, Marine  
  74  12:25  Marine  
  79  12:42  Marine  
  80  12:58  Marine  
  81  13:00  Marine, Cloaking Field  
  81  13:03  Hyperflight Rotors  
  82  13:06  Banshee  
  82  13:07  Banshee  
  88  13:16  Marine  
  88  13:18  Marine  
  90  13:33  Marine  
  91  13:49  Banshee  
  94  14:24  Fusion Core  
  94  14:39  Command Center  
  94  15:02  Armory  
  94  15:20  Battlecruiser  
  94  15:21  Battlecruiser  
  106  15:26  Supply Depot  
  106  15:32  Supply Depot  
  69  16:31  Battlecruiser  
  69  16:32  Battlecruiser  
  78  16:34  Marine  
  78  16:35  Marine  
  80  16:52  Marine x2  
  67  17:10  Marine x2  
  61  17:28  Marine x2  
  36  17:46  Marine  
  31  18:04  Marine  
  29  18:21  Marine  
  29  18:22  Battlecruiser x2  
  40  18:55  Terran Ship Weapons Level 1  
  40  19:24  Supply Depot x3  
  40  19:26  Supply Depot  
  40  19:27  Supply Depot  
  40  19:47  Refinery  
  40  19:48  Refinery  
  40  20:07  Refinery  
  40  20:08  Refinery  
  40  20:42  Marine  
  40  20:44  Barracks  
  40  20:45  SCV  
  42  20:57  SCV  
  42  21:00  Marine  
  44  21:05  Fusion Core  
  44  21:09  SCV  
  45  21:18  Marine  
  45  21:21  SCV  
  45  21:24  Factory Tech Lab  
  47  21:33  SCV  
  47  21:36  Marine  
  49  21:45  SCV  
  50  21:54  Marine  
  45  22:12  Marine  
  45  22:15  Starport Tech Lab  
  46  22:16  Battlecruiser  
  52  22:23  SCV  
  52  22:27  Marine  
  52  22:29  Marine  
  54  22:35  Terran Ship Weapons Level 2, SCV  
  56  22:45  Marine  
  56  22:47  Marine, SCV  
  59  22:59  SCV  
  59  23:03  Marine, Siege Tank  
  59  23:05  Marine  
  65  23:09  Weapon Refit  
  65  23:11  SCV  
  66  23:20  Marine  
  66  23:23  Marine, SCV  
  69  23:35  Siege Tank, SCV  
  69  23:38  Marine  
  69  23:41  Marine  
  75  23:48  SCV  
  76  23:56  Marine  
  76  23:58  Bunker, Marine  
  78  24:03  Bunker  
  78  24:07  Siege Tank  
  81  24:14  Marine  
  82  24:40  Siege Tank  
  67  25:12  Siege Tank  
  48  26:13  Raven x2  
Show
View Real Time Build Order
Export as new Build Order

Argon Zerg - Winner!

Build Orders: Hatch First 

Get SALT Encoding   

  12  0:01  Drone  
  13  0:13  Drone  
  14  0:17  Overlord  
  14  0:36  Drone  
  14  0:38  Drone  
  14  0:40  Drone  
  17  0:57  Hatchery  
  16  1:07  Drone x2  
  18  1:16  Spawning Pool  
  17  1:24  Extractor  
  16  1:33  Drone x3  
  19  1:47  Overlord  
  19  2:07  Queen  
  21  2:09  Queen  
  23  2:21  Zergling x4  
  23  2:22  Drone  
  26  2:33  Metabolic Boost  
  26  2:38  Drone  
  27  3:01  Drone x5  
  32  3:08  Overlord  
  31  3:43  Drone  
  31  3:44  Drone x5  
  31  3:45  Drone  
  38  3:52  Lair  
  38  4:01  Drone x3  
  41  4:17  Extractor  
  41  4:19  Hatchery  
  41  4:20  Drone  
  40  4:25  Queen  
  40  4:29  Drone  
  43  4:32  Overlord  
  43  4:33  Overlord x2  
  43  4:52  Zergling x8  
  47  4:53  Zergling x6  
  50  5:19  Spore Crawler  
  49  5:47  Zergling x2  
  49  5:48  Zergling x14  
  54  6:34  Drone x2  
  54  6:35  Drone  
  54  6:39  Drone x3  
  60  6:48  Evolution Chamber  
  60  6:50  Baneling Nest  
  58  7:26  Zerg Melee Weapons Level 1  
  58  7:42  Extractor  
  53  8:05  Zergling x32  
  64  8:06  Zergling x10  
  69  8:20  Overlord  
  68  8:36  Baneling  
  68  8:37  Baneling  
  54  9:08  Baneling x3  
  54  9:09  Baneling  
  54  9:21  Zerg Ground Armor Level 1  
  54  9:27  Drone x3  
  57  9:38  Queen  
  57  9:43  Spore Crawler  
  58  9:48  Spore Crawler  
  58  9:52  Spore Crawler  
  56  10:01  Drone x3  
  59  10:17  Centrifugal Hooks  
  53  11:09  Roach Warren  
  52  11:14  Zerg Melee Weapons Level 2  
  52  11:33  Zergling x2  
  52  11:34  Zergling x10  
  52  11:39  Drone x2  
  60  11:40  Drone x2  
  62  11:50  Overlord x5  
  58  12:19  Extractor  
  57  12:34  Roach x6  
  57  12:36  Spore Crawler  
  68  12:38  Spore Crawler  
  68  12:40  Spore Crawler  
  66  12:59  Ravager x2  
  66  13:00  Ravager  
  69  13:05  Hatchery  
  68  13:30  Zerg Ground Armor Level 2  
  68  14:12  Glial Reconstitution  
  68  14:24  Hydralisk Den  
  67  14:39  Drone x6  
  67  14:40  Drone x2  
  67  14:43  Roach x15  
  67  14:44  Roach  
  107  15:10  Infestation Pit  
  107  15:12  Burrow  
  106  15:19  Grooved Spines  
  106  15:25  Spore Crawler  
  106  15:27  Spore Crawler  
  104  15:30  Spore Crawler  
  104  15:31  Spore Crawler  
  104  15:33  Hydralisk  
  104  15:34  Hydralisk x9  
  120  15:46  Zerg Missile Weapons Level 1  
  120  15:50  Overseer  
  106  16:30  Muscular Augments  
  73  17:59  Roach x12  
  68  18:08  Hydralisk x2  
  68  18:09  Hydralisk x12  
  66  19:05  Extractor, Hatchery  
  66  19:06  Extractor  
  66  19:07  Hydralisk  
  66  19:08  Hydralisk x5  
  75  19:13  Overlord x3  
  75  19:15  Overseer  
  75  19:22  Zerg Missile Weapons Level 2  
  75  19:25  Hive  
  75  19:36  Hydralisk  
  75  19:37  Hydralisk x3  
  83  19:55  Drone  
  83  19:56  Drone x2  
  86  20:41  Neural Parasite  
  86  20:49  Infestor  
  86  20:50  Infestor x3  
  86  20:52  Hydralisk x15  
  124  21:19  Queen  
  126  21:35  Hatchery  
  126  21:36  Extractor x2  
  126  21:38  Zerg Ground Armor Level 3  
  110  22:00  Pathogen Glands  
  108  22:20  Extractor  
  107  22:50  Hydralisk x2  
  107  22:51  Hydralisk x10  
  111  22:56  Hydralisk  
  133  23:03  Drone x2  
  133  23:04  Drone x7  
  133  23:05  Drone x2  
  144  24:15  Zerg Missile Weapons Level 3  
  114  26:52  Zerg Melee Weapons Level 3  
Tags
 
League
Silver
Matchup
TvZ
Spawn Locations
Close Positions
Add a new tag
Caveats
  • Supply blocks, unpowered buildings, or Contaminate may cause inaccurate times.
  • Supply counts are checked every 10 seconds.